AoeStats
← Your Mom

Nomad

506801880Analyzed
3v3 RM · 18d ago on Sep 15, 2026· 55m 11s· 6 players
Game mode
Random Map
Map size
210×210
Population
200
Speed
Normal
Resources
Standard
Victory
Conquest
Starting age
Dark Age
Ending age
Imperial Age
RankedLock teamsTeams togetherTeam positionsShared explorationLock speedFull tech treeHidden civsTurbo modeCheats
Victory
Defeat
🇺🇸 Malians · United States
899
+12
🇹🇼 Mongols · Taiwan
885
+12
🇩🇪 Franks · Germany
853
+14
🇦🇷 Wu · Argentina
830
-14
🇪🇸 Maya · Spain
798
-12
780
-12
BoBo鸡之印第安走地鸡
4:32 Loom
21:23 Feudal Age
25:21 Town Watch
31:45 Double-Bit Axe
33:18 Fishing Lines
35:54 Castle Age
37:15 Bow Saw
38:23 Horse Collar
38:50 Gillnets
41:08 Heavy Plow
42:40 Man-at-Arms
43:22 Squires
43:38 Forging
45:24 Thumb Ring
46:03 Pikeman
Casy2210
5:00 Loom
16:35 Feudal Age
18:29 Horse Collar
18:37 Double-Bit Axe
18:58 Town Watch
21:34 Fletching
21:45 Padded Archer Armor
25:11 Castle Age
26:16 Crossbowman
27:02 Thumb Ring
29:51 Heavy Plow
30:06 Bow Saw
32:07 Town Patrol
34:09 Bodkin Arrow
34:30 Leather Archer Armor
37:55 Imperial Age
35:58 Pikeman
36:39 Squires
39:28 Elite Plumed Archer
43:39 Conscription
43:48 Bracer
44:19 Ring Archer Armor
45:08 Forging
44:59 Scale Mail Armor
46:54 Ballistics
47:48 Halberdier
52:08 Chemistry
53:17 Iron Casting
55:22 Chain Mail Armor
咚咚帕
10:02 Loom
15:39 Feudal Age
16:10 Double-Bit Axe
19:22 Horse Collar
23:53 Castle Age
22:05 Man-at-Arms
22:32 Arson
24:09 Horse Collar
25:55 Forging
25:45 Scale Mail Armor
27:55 Pikeman
28:36 Squires
30:44 Bow Saw
37:38 Wheelbarrow
36:49 Town Watch
Mongkadai
4:04 Loom
19:07 Feudal Age
22:28 Man-at-Arms
Your Mom
3:35 Loom
17:22 Feudal Age
18:00 Double-Bit Axe
19:23 Fishing Lines
20:10 Gold Mining
21:49 Wheelbarrow
23:28 Castle Age
21:54 Stone Mining
24:27 Scale Barding Armor
24:33 Forging
24:23 Light Cavalry
25:37 Husbandry
28:43 Bow Saw
28:33 Pikeman
29:14 Squires
29:19 Gillnets
30:55 Chain Barding Armor
34:13 Gold Shaft Mining
34:09 Caravan
36:26 Masonry
37:12 Iron Casting
36:40 Scale Mail Armor
43:48 Imperial Age
44:23 Ballistics
45:16 Wheelbarrow
45:14 Conscription
44:55 Chivalry
46:23 Cavalier
47:40 Plate Barding Armor
48:07 Blast Furnace
49:20 Paladin
55:45 #83
54:47 Elite Throwing Axeman
small650305
5:39 Loom
14:58 Feudal Age
15:36 Double-Bit Axe
21:01 Castle Age
19:46 Forging
20:52 Scale Barding Armor
28:03 Fletching
28:50 Iron Casting
28:53 Horse Collar
30:16 Gold Mining
32:25 Bodkin Arrow
41:17 Imperial Age
39:31 Bow Saw
40:23 Caravan
41:34 Wheelbarrow
41:40 Padded Archer Armor
43:47 Hand Cart
43:17 Town Watch
43:18 Fishing Lines
44:15 Leather Archer Armor
44:50 Bloodlines
47:34 Elite Mangudai
49:43 Ballistics
49:52 Parthian Tactics
50:44 Bracer
56:41 Chemistry
56:45 Blast Furnace
56:06 Chain Barding Armor
Connection lost

Rejoining the realm…

Still unreachable

The connection could not be restored.

Session expired

The server has moved on; the page needs a fresh start.